 Dungeon Crawl Stone Soup version 0.32-a0-705-g60f233581c (webtiles) character file.

Game seed: 1937202347555791600

2982 hikkokomori the Prestidigitator (level 9, -2/74 HPs)
             Began as a Coglin Hunter on Mar 14, 2024.
             Was a Priest of Okawaru.
             Killed from afar by Erica (25 damage)
             ... with a bolt of poison
             ... on level 8 of the Dungeon.
             The game lasted 00:16:27 (6230 turns).

hikkokomori the Prestidigitator (Coglin Hunter)     Turns: 6230, Time: 00:16:27

Health: -2/74      AC: 12    Str: 12    XL:     9   Next: 83%
Magic:  10/10      EV:  0    Int:  8    God:    Okawaru [***...]
Gold:   441        SH:  0    Dex: 22    Spells: 8/8 levels left

rFire   + . .        a - +3 sling {Bonifácio}
rCold   . . .        d - +0 sling {Yan}
rNeg    . . .        p - +1 ring mail of Evolution {rElec rF+ Stlth+}
rPois   .            (no helmet)
rElec   +            k - +2 cloak
rCorr   .            y - +2 pair of gloves
SInv    .            (no boots)
Will    .....        (amulet unavailable)
Stlth   +++          (ring unavailable)
HPRegen 0.32/turn    (ring unavailable)
MPRegen 0.12/turn    (no gizmo)

%: no passive effects
@: lethally poisoned (-2 -> -17), slowed, constricted, revved, very slow
A: off-hand wielding, slow wielding, warmup strikes, no jewellery
a: Invent Gizmo, Renounce Religion, Heroism


You were on level 8 of the Dungeon.
You worshipped Okawaru.
Okawaru was most pleased with you.
You visited 1 branch of the dungeon, and saw 8 of its levels.

You collected 441 gold pieces.

Inventory:

Hand Weapons
 a - a +3 sling (weapon) {Bonifácio}
 d - a +0 sling (offhand) {Yan}
Missiles
 C - a curare-tipped dart
Armour
 c - a +0 leather armour
 k - a +2 cloak (worn)
 p - the +1 ring mail of Evolution (worn) {rElec rF+ Stlth+}
   (You took it off a hobgoblin on level 2 of the Dungeon)

   rF+:       It protects you from fire.
   rElec:     It insulates you from electricity.
   Stlth+:    It makes you more stealthy.
 y - a +2 pair of gloves (worn)
Wands
 e - a wand of paralysis (15)
 q - a wand of flame (38)
 z - a wand of polymorph (7)
Scrolls
 b - a scroll of butterflies
 g - a scroll of enchant weapon
 l - 2 scrolls of teleportation
 r - a scroll of fog
 t - a scroll of immolation
 u - a scroll of revelation
 v - a scroll of torment
Potions
 f - 4 potions of heal wounds
 h - 4 potions of brilliance
 i - 2 potions of magic
 j - 8 potions of curing
 m - 2 potions of mutation
 n - a potion of invisibility {unknown}
 o - 2 potions of enlightenment
 s - a potion of ambrosia {unknown}
 w - a potion of cancellation {unknown}
 x - a potion of lignification {unknown}
 B - a potion of attraction {unknown}
 D - a potion of degeneration {unknown}


   Skills:
 + Level 7.8 Fighting
 + Level 7.7 Ranged Weapons
 - Level 1.7 Dodging
 - Level 2.0 Stealth
 + Level 2.5 Invocations
 + Level 9.0 Evocations


You had 8 spell levels left.
You didn't know any spells.
Your spell library contained the following spells:

 Spells                   Type           Power      Damage    Failure   Level
 Foxfire                  Conj/Fire      0%         2x1d4     69%         1
 Magic Dart               Conj           0%         1d3       69%         1
 Searing Ray              Conj           0%         2d4       83%         2
 Dazzling Flash           Conj/Hex       0%         N/A       96%         3
 Mephitic Cloud           Conj/Alch/Air  0%         N/A       96%         3
 Fulminant Prism          Conj/Alch      0%         3d5       100%        4
 Curse of Agony           Necr           0%         N/A       100%        5
 Silence                  Hex/Air        0%         N/A       100%        5
 Plasma Beam              Fire/Air       0%         2x1d10    100%        6
 Starburst                Conj/Fire      0%         6d3       100%        6


Dungeon Overview and Level Annotations

Branches:
Dungeon (8/15)             Temple (0/1) D:4
   Lair: D:8-11

Altars:
Dithmenos
Elyvilon
Gozag
Kikubaaqudgha
Nemelex Xobeh
Okawaru
Trog
Uskayaw
Vehumet
Xom
Zin
The Shining One

Annotations:
D:4 2 transporters, Krumphau's ghost, amateur DsMo
D:8 Erica


Innate Abilities, Weirdness & Mutations

You can wield a second weapon in your off-hand.
It takes a long time for you to wield or remove held weapons.
Your first few attacks do less damage.
You cannot equip rings or amulets.


Message History

You shoot a sling bullet.
The sling bullet barely misses the wight.
The sling bullet hits the steam dragon.
The steam dragon is lightly wounded.
You shoot a sling bullet.
The sling bullet hits the wight but does no damage.
You hear some strange, mumbled words.
A bolt of poison appears from out of thin air!
The bolt of poison misses you.
Aiming: Throw Flame
Press: ? - help, Shift-Dir - straight line, f - wight
Aim: a wight, wielding a +3 short sword and wearing a +0 robe (76% to hit)
The puff of flame hits something!
Something hits you but does no damage. Something grabs you.
You are constricted.
Something hits you.
You are constricted.
Aiming: Throw Flame
Press: ? - help, Shift-Dir - straight line, f/p - wight
Aim: a wight, wielding a +3 short sword and wearing a +0 robe (76% to hit)
The puff of flame hits something but does no damage.
Something hits you but does no damage.
You are constricted.
You shoot a sling bullet. The sling bullet hits the wight.
The wight is moderately damaged.
You shoot a sling bullet.
The sling bullet hits the wight but does no damage.
The wight is moderately damaged.
Something hits you but does no damage.
You are constricted.
Something hits you. Something burns you.
You are constricted.
* * * LOW HITPOINT WARNING * * *
You shoot a sling bullet.
The sling bullet closely misses the wight.
The sling bullet hits the steam dragon.
The steam dragon is moderately wounded.
You shoot a sling bullet.
The sling bullet hits the wight but does no damage.
The wight is moderately damaged.
You hear some strange, mumbled words.
A bolt of poison appears from out of thin air!
The bolt of poison hits you!!
You are poisoned.
You die...

# #.#####.......### #
##...>.#.........## #### #
##.........#####...##.....
#####..............##.).......
#<(...........####.###.##.....
####).........# #..##.# ....
#####.........# ##..#.##.....
...##.........######z.........
............###.@{zDz........#
###........## ########........
..###.....## ...#.....
#.........# . ..........
...##....##. ...D.......
#.......... ............
#.###....##. #...........>
#.###.....# ............
#...##....# #..).


You could see a steam dragon and 3 wights.

Vanquished Creatures
  Pikel (D:7)
  A steam dragon (D:6)
  An acid dragon (D:8)
  A water moccasin (D:6)
  2 black bears
  A sky beast (D:6)
  An orc warrior (D:8)
  An ogre (D:6)
  3 centaurs (D:7)
  2 lemures (D:7)
  2 phantoms
  A kobold brigand (D:8)
  A bullfrog (D:7)
  3 scorpions
  4 wights (D:7)
  3 jellies
  7 hounds
  2 orc priests (D:8)
  2 iguanas (D:4)
  2 sleepcaps
  Ijyb (D:3)
  6 orc wizards
  9 adders
  2 shadow imps (D:6)
  A white imp (D:6)
  2 dart slugs
  A ribbon worm (D:4)
  11 orcs
  5 endoplasms
  5 giant cockroaches
  12 goblins
  8 hobgoblins
  2 jackals (D:1)
  2 quokkas
  5 ball pythons
  7 bats
  4 frilled lizards
  12 kobolds
  11 rats
147 creatures vanquished.

Notes
Turn   | Place    | Note
-------+----------+-------------------------------------------
     0 | D:1      | hikkokomori the Coglin Hunter began the quest for the Orb.
     0 | D:1      | Reached XP level 1. HP: 16/16 MP: 1/1
    48 | D:1      | Reached skill level 1 in Stealth
    89 | D:1      | Reached XP level 2. HP: 18/22 MP: 2/2
   371 | D:1      | Reached XP level 3. HP: 28/28 MP: 3/3
   616 | D:2      | Found a shimmering altar of Xom.
   782 | D:2      | Reached XP level 4. HP: 35/35 MP: 4/4
   844 | D:2      | Identified the +1 ring mail of Evolution {rElec rF+ Stlth+}
  1277 | D:3      | Found an iron altar of Okawaru.
  1282 | D:3      | Found a faded altar of an unknown god.
  1290 | D:3      | Became a worshipper of Warmaster Okawaru
  1321 | D:3      | Noticed Ijyb
  1334 | D:3      | Killed Ijyb
  1421 | D:3      | Reached XP level 5. HP: 41/41 MP: 5/5
  1430 | D:3      | Found a radiant altar of Vehumet.
  1540 | D:3      | Reached skill level 1 in Evocations
  1853 | D:3      | Found a bloodstained altar of Trog.
  1864 | D:3      | Reached skill level 1 in Invocations
  1868 | D:3      | Identified the orb of Ponaifeam {light, *Corrode Conj
                  | Hexes}
  2352 | D:4      | Reached skill level 2 in Evocations
  2352 | D:4      | Reached XP level 6. HP: 33/48 MP: 5/7
  2425 | D:4      | Found a transporter.
  2427 | D:4      | Noticed Krumphau's ghost (amateur DsMo)
  2467 | D:4      | Reached * piety under Okawaru
  2695 | D:4      | Found an opulent altar of Gozag.
  2695 | D:4      | Found a glowing silver altar of Zin.
  2786 | D:4      | Found a transporter.
  2820 | D:4      | Found a staircase to the Ecumenical Temple.
  2865 | D:5      | Entered Level 5 of the Dungeon
  2944 | D:5      | Found a shimmering altar of Xom.
  2974 | D:5      | Noticed a +0 dagger
  2974 | D:5      | Noticed a +0 falchion
  2974 | D:5      | Noticed a +0 dagger
  2980 | D:5      | Noticed a +0 spear
  2986 | D:5      | Noticed a +0 spear
  2990 | D:5      | Noticed a +0 short sword
  3000 | D:5      | Found a hide-covered altar of Uskayaw.
  3001 | D:5      | Noticed a +0 falchion
  3002 | D:5      | Noticed a +0 short sword
  3132 | D:5      | Reached skill level 3 in Evocations
  3189 | D:5      | Reached skill level 5 in Ranged Weapons
  3189 | D:5      | Reached XP level 7. HP: 46/54 MP: 8/8
  3484 | D:5      | Reached skill level 4 in Evocations
  3684 | D:5      | Reached ** piety under Okawaru
  3802 | D:6      | Found an ancient bone altar of Kikubaaqudgha.
  3824 | D:6      | Reached skill level 5 in Fighting
  3877 | D:6      | Reached skill level 5 in Evocations
  3877 | D:6      | Reached XP level 8. HP: 46/62 MP: 9/9
  4170 | D:6      | Identified the +3 long sword of the Fox {flame, rC+}
  4309 | D:6      | Reached skill level 6 in Evocations
  4702 | D:6      | Found a white marble altar of Elyvilon.
  4741 | D:6      | Reached skill level 7 in Evocations
  4931 | D:7      | Noticed Pikel
  4961 | D:7      | Killed Pikel
  4961 | D:7      | Reached *** piety under Okawaru
  4962 | D:7      | Reached XP level 9. HP: 29/72 MP: 10/10
  5116 | D:7      | Reached skill level 8 in Evocations
  5277 | D:7      | Found a shadowy altar of Dithmenos.
  5418 | D:7      | Reached **** piety under Okawaru
  5472 | D:7      | Found a glowing golden altar of the Shining One.
  5999 | D:8      | Reached skill level 9 in Evocations
  6128 | D:8      | Found a sparkling altar of Nemelex Xobeh.
  6204 | D:8      | Noticed Erica
  6230 | D:8      | Killed from afar by Erica

Illustrated notes

Levels and vault maps discovered:
D:1:      wander_arrival_abandoned_jail, layout_rooms, serial_curves,
          eino_curves_02, eino_curves_01
D:2:      layout_basic, basic_altar, dreamdust_mushroom_princess, dk_vineyard_3,
          minmay_pentomino_v4
D:3:      wad_woods_pond, layout_basic, vehumet_altar_wand_db,
          mainiacjoe_overflow_chevrons, mainiacjoe_overflow_tiny_flanked,
          basic_ecumenical_altar, uniq_ijyb
D:4:      layout_loops_ring, grunt_temple_overflow_gold_and_silver,
          temple_statues, gammafunk_ghost_mausoleum,
          kennysheep_decorative_pillar, dk_noncrumbling_4
D:5:      layout_loops_ring, nicolae_uskayaw_en_pointe,
          overflow_temple_1_default, mrwooster_statue_mirror
D:6:      layout_basic, overflow_temple_1_default, general_overflow_altar,
          hangedman_decor_growths, small_statue_intersection, st_stairs_11,
          kennysheep_big_empty_room
D:7:      nicolae_whirlpool, layout_basic, grunt_dithmenos_smoke, tso_altar,
          minmay_misc_feat_tower, uniq_pikel
D:8:      layout_rooms, nzn_wu_jian_council_hall, nemelex_altar_shiori,
          lemuel_tele_altar, uniq_erica

Skill      XL: |  1  2  3  4  5  6  7  8  9 |
---------------+----------------------------+-----
Stealth        | 1 2 |  2.0
Ranged Weapons | 4 5 7 |  7.7
Fighting       | 3 4 5 7 |  7.8
Evocations     | 2 3 5 7 9 |  9.0
Invocations    | 1 2 |  2.5
Dodging        | |  1.7

Action                     |  1- 3 |  4- 6 |  7- 9 || total
---------------------------+-------+-------+-------++-------
  Melee: Sling             |       |       |     4 ||     4
   Fire: Sling             |   128 |   290 |   604 ||  1022
 Invoke: Heroism           |       |       |     3 ||     3
  Evoke: Wand              |       |       |     4 ||     4
    Use: Scroll            |       |       |    13 ||    13
 Armour: Leather armour    |     5 |     4 |       ||     9
         Ring mail         |       |    54 |   158 ||   212
  Dodge: Dodged            |     6 |    21 |    95 ||   122

Table legend: (Time is in decaauts)
 A = Elapsed time spent in this place.
 B = Non-inter-level travel time spent in this place.
 C = Inter-level travel time spent in this place.
 D = Time resting spent in this place.
 E = Time spent auto-exploring this place.
 F = Levels seen in this place.
 G = Mean time per level.
                   A        B        C        D        E       F      G
               +--------+--------+--------+--------+--------+-----+--------+
         Total |   6394 |   6136 |    258 |    244 |   4859 |   8 |  799.2 |
       Dungeon |   6394 |   6136 |    258 |    244 |   4859 |   8 |  799.2 |
               +--------+--------+--------+--------+--------+-----+--------+

Top non-repeatable levels by time:
     D:6: 1102 daAuts
     D:5: 964 daAuts
     D:7: 959 daAuts
     D:3: 934 daAuts
     D:2: 834 daAuts
     D:4: 724 daAuts
     D:8: 448 daAuts
     D:1: 426 daAuts
